General information
- name: BNet
- type: Ladder team game (AT/RT)
- host: Battle.net
- saver: AltTabber
map: DragonFalls
- players: 8
- length: 16:16
- speed: Fast
- version: 1.27 W3XP
- replay type: Public
» download(100 KB)
Players
team 1 (winner)
el_sin_nombre_2 (
green | 68 APM | 1107 actions | 16:16)
3 Blademaster
2 Wind Walk
1 Critical Strike
2 Shadow Hunter
1 Healing Wave
1 Hex
» actions
| Assign group hotkey | 16 | |
| Basic commands | 31 | |
| Build / train | 75 | |
| Enter build submenu | 17 | |
| Enter hero's abilities submenu | 5 | |
| Give item / drop item | 2 | |
| Right click | 326 | |
| Select / deselect | 163 | |
| Select group hotkey | 428 | |
| Use ability | 44 | |
1107 total
» units
| Peon | 16 | |
| Grunt | 7 | |
| Tauren | 7 | |
| Shaman | 2 | |
| Spirit Walker | 3 | |
35 total
» upgrades
| Armor | 1 | |
| Melee Weapons | 2 | |
| Berserker Strength | 1 | |
| Shaman Training | 2 | |
| Spirit Walker Training | 2 | |
| Pulverize | 1 | |
9 total
» buildings
| Orc Burrow | 8 | |
| Altar of Storms | 1 | |
| Voodoo Lounge | 1 | |
| Barracks | 1 | |
| War Mill | 2 | |
| Stronghold | 2 | |
| Watch Tower | 2 | |
| Great Hall | 1 | |
| Fortress | 4 | |
| Spirit Lodge | 2 | |
| Tauren Totem | 2 | |
26 total
» build order
00:24 Orc Burrow
00:36 Altar of Storms
00:52 Voodoo Lounge
01:50 Orc Burrow
01:57 Barracks
02:04 War Mill
02:28 Orc Burrow
04:03 Stronghold
04:03 Stronghold
04:20 Watch Tower
04:29 Watch Tower
05:30 Great Hall
06:28 Fortress
06:29 Fortress
06:29 Fortress
06:36 Orc Burrow
08:21 Spirit Lodge
08:24 Spirit Lodge
09:32 Tauren Totem
09:33 Tauren Totem
10:18 Orc Burrow
12:52 War Mill
13:43 Orc Burrow
13:46 Orc Burrow
13:48 Orc Burrow
» items
| Healing Salve | 3 | |
| Lesser Clarity Potion | 2 | |
| Orb of Lightning | 1 | |
6 total

»
LW-Stupidus (
orange | 76 APM | 1229 actions | 16:16)
4 Death Knight
2 Death Coil
2 Unholy Aura
2 Crypt Lord
1 Impale
1 Spiked Carapace
» actions
| Assign group hotkey | 34 | |
| Basic commands | 98 | |
| Build / train | 43 | |
| ESC pressed | 2 | |
| Enter build submenu | 24 | |
| Enter hero's abilities submenu | 6 | |
| Give item / drop item | 2 | |
| Right click | 591 | |
| Select / deselect | 150 | |
| Select group hotkey | 228 | |
| Use ability | 50 | |
1229 total
» units
| Acolyte | 10 | |
| Ghoul | 3 | |
| Crypt Fiend | 6 | |
| Obsidian Statue | 2 | |
| Goblin Zeppelin | 1 | |
| Goblin Shredder | 1 | |
| Frost Wyrm | 2 | |
| Green Dragon | 1 | |
26 total
» upgrades
| Burrow | 1 | |
| Web | 1 | |
| Creature Attack | 2 | |
| Creature Carapace | 1 | |
| Freezing Breath | 1 | |
6 total
» buildings
| Ziggurat | 8 | |
| Crypt | 2 | |
| Altar of Darkness | 1 | |
| Tomb of Relics | 2 | |
| Graveyard | 1 | |
| Halls of the Dead | 1 | |
| Necropolis | 1 | |
| Slaughterhouse | 1 | |
| Sacrificial Pit | 1 | |
| Black Citadel | 1 | |
| Boneyard | 2 | |
21 total
» build order
00:17 Ziggurat
00:29 Crypt
00:39 Altar of Darkness
01:05 Tomb of Relics
01:09 Tomb of Relics
01:37 Graveyard
02:03 Ziggurat
03:52 Crypt
04:53 Ziggurat
05:07 Halls of the Dead
06:24 Necropolis
07:28 Slaughterhouse
07:35 Sacrificial Pit
07:52 Ziggurat
09:30 Black Citadel
10:13 Ziggurat
10:16 Ziggurat
11:56 Boneyard
11:57 Boneyard
13:50 Ziggurat
13:57 Ziggurat
» items
gwee (
blue | 51 APM | 831 actions | 16:16)
3 Far Seer
1 Feral Spirit
2 Chain Lighting
» actions
| Build / train | 60 | |
| Enter build submenu | 29 | |
| Enter hero's abilities submenu | 3 | |
| Give item / drop item | 1 | |
| Right click | 428 | |
| Select / deselect | 226 | |
| Use ability | 84 | |
831 total
» units
| Peon | 15 | |
| Wind Rider | 7 | |
| Raider | 6 | |
| Troll Batrider | 1 | |
29 total
» upgrades
| Spiked Barricades | 2 | |
| Ensnare | 1 | |
| Ranged Weapons | 1 | |
| Armor | 1 | |
| Melee Weapons | 1 | |
| Envenomed Spears | 1 | |
7 total
» buildings
| Orc Burrow | 4 | |
| Altar of Storms | 1 | |
| War Mill | 1 | |
| Voodoo Lounge | 1 | |
| Watch Tower | 18 | |
| Great Hall | 2 | |
| Stronghold | 2 | |
| Beastiary | 2 | |
| Fortress | 1 | |
32 total
» build order
00:10 Orc Burrow
00:42 Altar of Storms
00:55 War Mill
01:47 Voodoo Lounge
02:08 Watch Tower
02:28 Watch Tower
02:53 Watch Tower
03:28 Watch Tower
04:00 Watch Tower
04:03 Watch Tower
04:32 Watch Tower
04:42 Watch Tower
05:14 Great Hall
05:37 Watch Tower
06:12 Great Hall
06:15 Watch Tower
06:25 Stronghold
06:43 Watch Tower
07:28 Watch Tower
07:38 Orc Burrow
07:50 Watch Tower
08:38 Watch Tower
08:56 Beastiary
09:17 Beastiary
09:44 Watch Tower
10:03 Watch Tower
10:21 Orc Burrow
10:59 Watch Tower
11:09 Watch Tower
11:52 Orc Burrow
13:31 Fortress
» items
| Healing Salve | 4 | |
| Lesser Clarity Potion | 7 | |
| Scroll of Town Portal | 5 | |
| Scroll of Speed | 1 | |
17 total
WaterBuffalo (
teal | 28 APM | 461 actions | 16:16)
4 Priestess of the Moon
2 Trueshot Aura
2 Searing Arrows
» actions
| Build / train | 43 | |
| Enter build submenu | 16 | |
| Enter hero's abilities submenu | 5 | |
| Right click | 191 | |
| Select / deselect | 180 | |
| Use ability | 26 | |
461 total
» units
| Wisp | 16 | |
| Archer | 5 | |
| Hippogryph | 5 | |
| Chimaera | 3 | |
29 total
» upgrades
| Strength of the Wild | 1 | |
| Hippogryph Taming | 1 | |
| Corrosive Breath | 1 | |
| Improved Bows | 1 | |
| Marksmanship | 1 | |
| Reinforced Hides | 1 | |
6 total
» buildings
| Altar of Elders | 1 | |
| Moon Well | 7 | |
| Ancient of War | 1 | |
| Tree of Ages | 1 | |
| Tree of Eternity | 2 | |
| Ancient of Wind | 1 | |
| Tree of Life | 1 | |
| Chimaera Roost | 2 | |
| Hunter's Hall | 1 | |
17 total
» build order
00:24 Altar of Elders
00:32 Moon Well
01:29 Ancient of War
02:30 Moon Well
02:55 Tree of Ages
03:25 Moon Well
05:16 Tree of Eternity
05:20 Ancient of Wind
06:38 Moon Well
08:18 Tree of Life
08:49 Chimaera Roost
08:51 Chimaera Roost
09:01 Hunter's Hall
09:06 Moon Well
13:10 Moon Well
14:19 Moon Well
team 2 (loser)
Philando (
yellow | 61 APM | 984 actions | 16:10)
5 Warden
2 Fan of Knives
3 Blink
» actions
| Assign group hotkey | 32 | |
| Basic commands | 52 | |
| Build / train | 46 | |
| ESC pressed | 5 | |
| Enter build submenu | 22 | |
| Enter hero's abilities submenu | 5 | |
| Give item / drop item | 2 | |
| Right click | 433 | |
| Select / deselect | 195 | |
| Select group hotkey | 140 | |
| Use ability | 52 | |
984 total
» units
| Wisp | 19 | |
| Huntress | 5 | |
| Dryad | 4 | |
| Mountain Giant | 1 | |
29 total
» upgrades
| Ultravision | 1 | |
| Abolish Magic | 1 | |
| Hardened Skin | 1 | |
| Resistant Skin | 1 | |
4 total
» buildings
| Altar of Elders | 1 | |
| Moon Well | 6 | |
| Hunter's Hall | 1 | |
| Ancient of War | 1 | |
| Ancient Protector | 2 | |
| Tree of Ages | 1 | |
| Ancient of Wonders | 2 | |
| Ancient of Lore | 2 | |
| Tree of Life | 2 | |
| Tree of Eternity | 1 | |
19 total
» build order
00:07 Altar of Elders
00:09 Moon Well
01:22 Hunter's Hall
01:44 Ancient of War
02:07 Moon Well
02:28 Ancient Protector
03:39 Moon Well
03:44 Tree of Ages
04:01 Ancient Protector
04:31 Ancient of Wonders
04:34 Ancient of Wonders
05:53 Moon Well
06:15 Ancient of Lore
06:17 Ancient of Lore
10:03 Tree of Life
11:22 Tree of Eternity
12:42 Tree of Life
13:05 Moon Well
13:07 Moon Well
» items
| Moonstone | 1 | |
| Potion of Mana | 2 | |
| Potion of Healing | 2 | |
5 total
TheWickedOne (
red | 57 APM | 917 actions | 16:05)
3 Death Knight
2 Death Coil
1 Unholy Aura
1 Tauren Chieftain
1 Endurance Aura
» actions
| Assign group hotkey | 17 | |
| Basic commands | 115 | |
| Build / train | 43 | |
| Enter build submenu | 14 | |
| Enter hero's abilities submenu | 4 | |
| Give item / drop item | 1 | |
| Remove unit from queue | 1 | |
| Right click | 360 | |
| Select / deselect | 143 | |
| Select group hotkey | 139 | |
| Use ability | 80 | |
917 total
» units
| Acolyte | 3 | |
| Ghoul | 6 | |
| Crypt Fiend | 4 | |
| Frost Wyrm | 2 | |
| Tauren | 2 | |
17 total
» upgrades
| Web | 1 | |
| Shaman Training | 1 | |
| Armor | 1 | |
| Melee Weapons | 1 | |
4 total
» buildings
| Crypt | 1 | |
| Graveyard | 1 | |
| Altar of Darkness | 1 | |
| Ziggurat | 7 | |
| Tomb of Relics | 1 | |
| Halls of the Dead | 1 | |
| Black Citadel | 1 | |
| Sacrificial Pit | 1 | |
| Spirit Tower | 1 | |
| Boneyard | 2 | |
| Spirit Lodge | 1 | |
| Tauren Totem | 2 | |
| Orc Burrow | 4 | |
24 total
» build order
00:11 Crypt
00:27 Graveyard
00:57 Altar of Darkness
01:01 Ziggurat
01:17 Tomb of Relics
02:38 Ziggurat
05:01 Halls of the Dead
05:40 Ziggurat
08:42 Black Citadel
08:47 Sacrificial Pit
09:37 Spirit Tower
10:18 Ziggurat
10:20 Ziggurat
10:21 Ziggurat
10:23 Ziggurat
11:11 Boneyard
11:12 Boneyard
11:28 Spirit Lodge
11:30 Tauren Totem
11:31 Tauren Totem
13:55 Orc Burrow
13:56 Orc Burrow
13:56 Orc Burrow
13:57 Orc Burrow
» items
| Rod of Necromancy | 6 | |
| Healing Salve | 1 | |
| Lesser Clarity Potion | 1 | |
| Potion of Healing | 2 | |
| Scroll of Town Portal | 3 | |
13 total
JustSurly (
pink | 25 APM | 222 actions | 08:54)
2 Tauren Chieftain
1 War Stomp
1 Endurance Aura
» actions
| Assign group hotkey | 2 | |
| Basic commands | 6 | |
| Build / train | 25 | |
| Enter build submenu | 8 | |
| Enter hero's abilities submenu | 2 | |
| Remove unit from queue | 1 | |
| Right click | 54 | |
| Select / deselect | 48 | |
| Select group hotkey | 62 | |
| Use ability | 14 | |
222 total
» units
» upgrades
» buildings
| Altar of Storms | 1 | |
| Orc Burrow | 3 | |
| Barracks | 1 | |
| War Mill | 1 | |
| Voodoo Lounge | 1 | |
| Stronghold | 1 | |
| Great Hall | 1 | |
| Fortress | 1 | |
10 total
» build order
00:29 Altar of Storms
00:39 Orc Burrow
00:55 Barracks
01:11 War Mill
01:54 Orc Burrow
02:38 Voodoo Lounge
03:18 Orc Burrow
04:57 Stronghold
05:47 Great Hall
07:21 Fortress
AltTabber (
purple | 21 APM | 349 actions | 16:16)
» actions
| Basic commands | 4 | |
| Build / train | 24 | |
| Enter build submenu | 52 | |
| Remove unit from queue | 1 | |
| Right click | 93 | |
| Select / deselect | 121 | |
| Use ability | 54 | |
349 total
» units
» upgrades
| Spiked Barricades | 3 | |
| Reinforced Defenses | 1 | |
4 total
» buildings
| War Mill | 2 | |
| Orc Burrow | 1 | |
| Watch Tower | 48 | |
| Stronghold | 1 | |
| Altar of Storms | 1 | |
| Fortress | 1 | |
54 total
» build order
01:48 War Mill
01:52 Orc Burrow
03:05 Watch Tower
03:06 Watch Tower
03:07 Watch Tower
03:09 Watch Tower
03:50 Watch Tower
04:46 Watch Tower
04:50 Watch Tower
05:02 Watch Tower
05:06 Watch Tower
05:12 Watch Tower
05:25 Watch Tower
05:29 Watch Tower
05:39 Watch Tower
05:43 Watch Tower
05:56 Watch Tower
06:08 Watch Tower
06:11 Watch Tower
06:28 Watch Tower
06:34 Watch Tower
07:01 Stronghold
07:20 Watch Tower
07:23 Watch Tower
07:34 Watch Tower
07:41 War Mill
07:58 Altar of Storms
09:22 Fortress
09:40 Watch Tower
09:43 Watch Tower
09:49 Watch Tower
10:48 Watch Tower
10:51 Watch Tower
10:56 Watch Tower
10:57 Watch Tower
11:01 Watch Tower
11:04 Watch Tower
11:08 Watch Tower
12:34 Watch Tower
12:37 Watch Tower
12:42 Watch Tower
12:46 Watch Tower
13:26 Watch Tower
13:29 Watch Tower
13:36 Watch Tower
13:39 Watch Tower
13:41 Watch Tower
13:43 Watch Tower
14:50 Watch Tower
14:55 Watch Tower
14:59 Watch Tower
16:06 Watch Tower
16:08 Watch Tower
16:11 Watch Tower
Chat log
(00:22 / Allies) JustSurly: you are noob purple
(00:41 / Allies) AltTabber: so is ur mom
(00:45 / Allies) AltTabber: but I'm not complaining
(00:49 / Allies) AltTabber: she gives good head at least
(00:49 / Allies) JustSurly: i'm on the pohone with my mom
(00:56 / Allies) AltTabber: send her my regards
(00:59 / Allies) JustSurly: i should jack your jaw kid
(01:12 / Allies) AltTabber: I'd drop your dick in the dirt with a left hook fatty
(01:15 / Allies) JustSurly: and there's nothing you could do about it
(01:23 / Allies) AltTabber: I'd shatter your jaw into a million little pieces
(01:34 / Allies) AltTabber: I'd drop kick you in the chest and make your heart explode
(01:38 / Allies) AltTabber: NATURE BOY
(01:39 / Allies) AltTabber: WOOOOOOOOOOOOOOOOOO
(01:44 / Allies) TheWickedOne: purple your playing?
(02:22 / Allies) AltTabber: I'll rip your head right off after I strangle you to death with my bare hands
(02:47 / Allies) JustSurly: u r noob
(02:49 / Allies) JustSurly: just be quiet
(02:55 / Allies) AltTabber: You're a noob
(02:57 / Allies) AltTabber: 54-59
(02:58 / Allies) TheWickedOne: pink stfu
(02:58 / Allies) AltTabber: pathetic
(03:05 / Allies) JustSurly: let's bury the hatchet
(03:20 / Allies) AltTabber: after I bury my dick in your mom's ass
(03:27 / Allies) JustSurly: u just don't know how to quit
(03:38 / Allies) AltTabber: do something about it, kid
(03:46 / Allies) JustSurly: i would if you were here
(03:48 / Allies) TheWickedOne: lmao
(03:54 / Allies) AltTabber: you'd mumble at me
(03:57 / Allies) AltTabber: i'm so scared
(04:04 / Allies) JustSurly: i would intimidate you
(04:15 / Allies) AltTabber: I'm intimidated by fat sacks of shit you're right
(04:26 / Allies) JustSurly: your big mouth will get you into trouble
(04:28 / Allies) AltTabber: you could sit on me or any normal man and crush us
(04:41 / Allies) AltTabber: not from you, nancy boy
(04:43 / Allies) JustSurly: how big are you purple
(04:52 / Allies) AltTabber: ask your mom
(04:55 / Allies) AltTabber: no complaints so far
(05:07 / Allies) JustSurly: how physically strong are you
(05:15 / Allies) JustSurly: you are a 110 lb nerd who sits at his computer al lday
(05:19 / Allies) AltTabber: strong enough to manhandle your mom
(05:26 / Allies) JustSurly: ain't she something
(05:32 / Allies) AltTabber: yeah she's fiesty
(05:34 / Allies) AltTabber: a real freak in the bed
(06:07 / Allies) JustSurly: u may be strong enough to manhandle my mom but you coujldnt' me
(06:22 / Allies) AltTabber: no one can move the human blob
(06:52 / Allies) AltTabber: lost a hero to creeps
(06:56 / Allies) AltTabber: your record makes sense
(07:01 / Allies) JustSurly: you are distracting me noob
(07:07 / Allies) AltTabber: you're just not very good
(07:15 / Allies) Philando: omw red
(07:16 / Allies) AltTabber: unlike your mom, she's got head game for days
(07:31 / Allies) Philando: wow?
(07:36 / Allies) TheWickedOne: go
(08:05 / Allies) TheWickedOne: bm
(08:19 / Allies) JustSurly: so really how strong are you
(08:36 / Allies) AltTabber: I throw your mom around easy enough
(08:37 / Allies) JustSurly: or are you a 13 year old punk
(08:39 / Allies) AltTabber: she loves it rough
(08:51 / Allies) JustSurly: i don't have to listen to this
(08:53 / Allies) Philando: lumber pelae
(08:59 / Allies) TheWickedOne: i got
(09:02 / Allies) TheWickedOne: stay
(10:43 / Allies) TheWickedOne: purp gimme some towers over here
(10:49 / Allies) TheWickedOne: lol
(11:43 / Allies) TheWickedOne: too late
(12:08 / Allies) TheWickedOne: forget green
(14:27 / Allies) TheWickedOne: go
(14:55 / Allies) Philando: getting gaints
(15:04 / All) gwee: lol
(15:24 / Allies) TheWickedOne: b
(15:44 / Allies) Philando: red
(16:01 / Allies) TheWickedOne: ;/
(16:03 / Allies) TheWickedOne: sorr man
(16:15 / All) AltTabber: gg had a noob team